 Dungeon Crawl Stone Soup version 0.30-a0-55-g90e3122c3a (webtiles) character file.

Game seed: 5886942301960586783

1829 AarnesTheHuman the Thrower (level 9, 0/93 HPs)
             Began as an Ogre Gladiator on Sept 8, 2022.
             Engulfed by a steam dragon's steam (8 damage)
             ... on level 7 of the Dungeon on Sept 9, 2022.
             The game lasted 00:14:08 (7093 turns).

AarnesTheHuman the Thrower (Ogre Gladiator)         Turns: 7093, Time: 00:14:09

Health: 0/93       AC:  4    Str: 22    XL:     9   Next: 11%
Magic:  9/9        EV: 11    Int:  9    God:
Gold:   245        SH:  0    Dex: 18    Spells: 8/8 levels left

rFire   . . .      SeeInvis .    b - +1 dagger (venom)
rCold   . . .      Faith    .    (no shield)
rNeg    . . .      Spirit   .    o - +0 robe
rPois   .          Reflect  .    c - +1 hat
rElec   .          Harm     .    (no cloak)
rCorr   .          Rampage  .    (gloves unavailable)
Will    .....                    (boots unavailable)
Stlth   ++........               (no amulet)
HPRegen 0.25/turn                J - +6 ring of dexterity
MPRegen 0.11/turn                (no ring)

@: no status effects
A: large, unfitting armour, tough skin 1
a: no special abilities


You were on level 7 of the Dungeon.
You visited 1 branch of the dungeon, and saw 7 of its levels.

You collected 245 gold pieces.

Inventory:

Hand Weapons
 a - a +0 flail
 b - a +1 dagger of venom (weapon)
 s - a +0 sling
 t - a +0 dagger
 y - a +2 vampiric short sword
 B - a +0 giant spiked club
Missiles
 d - 4 throwing nets
 g - 6 boomerangs (quivered)
 j - 66 stones
 l - 3 javelins
 r - 3 curare-tipped darts
 E - 3 boomerangs of dispersal
 K - 2 poisoned darts
Armour
 c - a +1 hat (worn)
 o - a +0 robe (worn)
 u - a +1 hat
Magical Staves
 A - a staff of air
Jewellery
 p - an amulet of magic regeneration
 H - a ring of ice
 J - a +6 ring of dexterity (left hand)
Wands
 D - a wand of roots (6)
Scrolls
 f - 2 scrolls of teleportation
 h - a scroll of enchant armour
 i - a scroll of poison
Potions
 k - a potion of mutation
 m - 3 potions of cancellation
 n - a potion of heal wounds
 q - 3 potions of curing
 v - a potion of brilliance
 w - 2 potions of might {unknown}
 x - a potion of attraction
 z - a potion of lignification
 F - a potion of magic


   Skills:
 - Level 7.0 Fighting
 - Level 2.6 Maces & Flails
 + Level 8.6 Throwing
 - Level 5.0 Armour
 - Level 2.6 Dodging


You had 8 spell levels left.
You didn't know any spells.
Your spell library contained the following spells:

 Spells                   Type           Power      Damage    Failure   Level
 Apportation              Tloc           0%         N/A       38%         1
 Magic Dart               Conj           0%         1d3       38%         1
 Ensorcelled Hibernation  Hex/Ice        0%         N/A       52%         2
 Passwall                 Tmut/Erth      0%         N/A       52%         2
 Searing Ray              Conj           0%         2d4       52%         2
 Frozen Ramparts          Ice            0%         1d1       77%         3
 Portal Projectile        Hex/Tloc       0%         N/A       77%         3
 Swiftness                Air            0%         N/A       77%         3
 Tukima's Dance           Hex            0%         N/A       77%         3
 Corpse Rot               Necr/Pois/Air  0%         N/A       99%         4
 Dispel Undead            Necr           0%         3d6       99%         4
 Fulminant Prism          Conj/Hex       0%         3d6       99%         4
 Ice Form                 Ice/Tmut       0%         N/A       99%         4
 Leda's Liquefaction      Hex/Erth       0%         N/A       99%         4
 Summon Ice Beast         Ice/Summ       0%         N/A       99%         4
 Alistair's Intoxication  Tmut/Pois      0%         N/A       100%        5
 Blade Hands              Tmut           0%         N/A       100%        5
 Lee's Rapid Deconstruct  Erth           0%         3d5*      100%        5
 Conjure Ball Lightning   Conj/Air       0%         3x3d6     100%        6
 Death Channel            Necr           0%         N/A       100%        6
 Statue Form              Tmut/Erth      0%         N/A       100%        6
 Discord                  Hex            0%         N/A       100%        8
 Disjunction              Tloc           0%         N/A       100%        8


Dungeon Overview and Level Annotations

Branches:
Dungeon (7/15)
 Temple: D:4-7

Altars:
Qazlal
Zin

Shops:
D:5 (   D:6 *


Innate Abilities, Weirdness & Mutations

You are too large for most types of armour.
You have tough skin. (AC +1)


Message History

Aim: a steam dragon (moderately wounded, very poisoned, 68% to hit)
You throw a boomerang.
The boomerang closely misses the steam dragon.
The steam dragon bites you but does no damage.
The steam dragon barely misses you.
Throw: 6 boomerangs
Press: ? - help, Q - select action, (/) - cycle Shift-Dir - straight line, f/p - steam dragon
Aim: a steam dragon (moderately wounded, very poisoned, 68% to hit)
You throw a boomerang.
The boomerang closely misses the steam dragon.
The steam dragon breathes steam at you. The ball of steam hits you!
* * * LOW HITPOINT WARNING * * *
That's the wrong kind of item! (Use * to select it.) Fire/throw/use which item? ([*] to toss any item) (? for menu, Esc to quit)
Okay, then.
Throw: large rock
Press: ? - help, Shift-Dir - straight line, f/p - steam dragon
Aim: a steam dragon (steam, moderately wounded, very poisoned, catching its breath, 68% to hit)
You throw a large rock. The large rock hits the steam dragon.
The steam dragon is heavily wounded.
You are engulfed in a cloud of scalding steam.
* * * LOW HITPOINT WARNING * * *
The steam dragon misses you. The steam dragon completely misses you.
You hit the steam dragon but do no damage.
The steam dragon looks as sick as possible!
The steam dragon is severely wounded.
You are engulfed in a cloud of scalding steam.
* * * LOW HITPOINT WARNING * * *
The steam dragon bites you!
* * * LOW HITPOINT WARNING * * *
The steam dragon closely misses you.
Throw: 6 boomerangs
Press: ? - help, Q - select action, (/) - cycle Shift-Dir - straight line, f/p - steam dragon
Aim: a steam dragon (almost dead, extremely poisoned, 68% to hit)
You throw a boomerang.
The boomerang hits the steam dragon but does no damage.
The steam dragon is almost dead.
You are engulfed in a cloud of scalding steam.
You die...

#.# #.#
#.# #.#
#.#
####.#.#
#....#.#
#D# #.#
#@# #.#
#§# #.#
#§# #.#
#.# #.#
#§####.#
#......#
########


You could see a steam dragon (extremely poisoned).

Vanquished Creatures
  A two-headed ogre (D:5)
  A black bear (D:5)
  An ice beast (D:6)
  2 ogres (D:4)
  2 phantoms (D:6)
  A bullfrog (D:6)
  2 scorpions
  4 hounds
  2 jellies (D:6)
  4 orc priests
  2 iguanas
  4 adders
  3 gnolls (D:5)
  A white imp (D:6)
  An ufetubus (D:6)
  6 worms
  4 dart slugs
  17 orcs
  8 endoplasms
  4 giant cockroaches
  9 goblins
  7 hobgoblins
  11 jackals
  5 kobolds
  4 quokkas
  10 ball pythons
  4 bats
  2 frilled lizards
  5 rats
127 creatures vanquished.

Notes
Turn   | Place    | Note
-------+----------+-------------------------------------------
     0 | D:1      | AarnesTheHuman the Ogre Gladiator began the quest for the
                  | Orb.
     0 | D:1      | Reached XP level 1. HP: 22/22 MP: 1/1
   195 | D:1      | Reached XP level 2. HP: 25/29 MP: 2/2
   343 | D:1      | Found a faded altar of an unknown god.
   346 | D:1      | Reached skill level 3 in Throwing
   816 | D:1      | Reached XP level 3. HP: 36/36 MP: 3/3
  1580 | D:2      | Reached skill level 4 in Throwing
  1630 | D:2      | Reached XP level 4. HP: 32/44 MP: 4/4
  3360 | D:4      | Noticed an ogre
  3364 | D:4      | Killed an ogre
  3365 | D:4      | Reached skill level 5 in Throwing
  3365 | D:4      | Reached XP level 5. HP: 48/50 MP: 5/5
  3612 | D:4      | Reached skill level 6 in Throwing
  3612 | D:4      | Reached XP level 6. HP: 59/59 MP: 6/6
  3815 | D:4      | Found a glowing silver altar of Zin.
  3816 | D:4      | Found a stormy altar of Qazlal.
  3987 | D:4      | Reached skill level 7 in Throwing
  4027 | D:4      | Reached XP level 7. HP: 50/66 MP: 7/7
  4434 | D:5      | Entered Level 5 of the Dungeon
  4439 | D:5      | Noticed a two-headed ogre
  4629 | D:5      | Killed a two-headed ogre
  4630 | D:5      | Reached skill level 8 in Throwing
  4630 | D:5      | Reached skill level 5 in Fighting
  4630 | D:5      | Reached XP level 8. HP: 83/83 MP: 8/8
  4845 | D:5      | Found Xowugatu's Weapon Emporium.
  5838 | D:6      | Found Xyixoel's Fire Supplies.
  6081 | D:5      | Reached skill level 5 in Armour
  6084 | D:5      | Upgraded the game from 0.30-a0-54-g2e61a25929 to
                  | 0.30-a0-55-g90e3122c3a
  6288 | D:6      | Reached XP level 9. HP: 56/92 MP: 9/9
  7093 | D:7      | Engulfed by a steam dragon's steam

Illustrated notes

Levels and vault maps discovered:
D:1:      minmay_arrival_four_houses, layout_basic,
          nicolae_ecumenical_lake_church
D:2:      layout_loops_ring, minmay_pentomino_q4
D:3:      layout_basic, kennysheep_another_room
D:4:      layout_loops_ring, minitemple, serial_glass, glass_columns_a,
          glass_columns_a, glass_columns_a, glass_columns_c, glass_columns_b,
          glass_columns_a, glass_columns_c, glass_columns_a, glass_columns_c,
          glass_columns_b, glass_columns_a, glass_columns_a, glass_columns_c,
          glass_columns_b
D:5:      layout_basic, serial_shops, nicolae_shop_advertising_works
          [nicolae_subvault_shop_adworks]
D:6:      layout_loops_ring, serial_park_tiny_pond, nicolae_shop_fire_sale
          [nicolae_sub_dead_trees]
D:7:      layout_basic, minmay_temple_entry_ruins, hangedman_decor_lopped,
          uniq_joseph, uniq_duvessa, uniq_maggie

Skill      XL: |  1  2  3  4  5  6  7  8  9 |
---------------+----------------------------+-----
Throwing       | 3 4 5 6 7 8 |  8.6
Fighting       | 5 6 7 |  7.0
Armour         | 3 5 |  5.0
Maces & Flails | |  2.6
Dodging        | |  2.6

Action                   |  1- 3 |  4- 6 |  7- 9 || total
-------------------------+-------+-------+-------++-------
Melee: Flail             |    61 |       |       ||    61
       Dagger            |    30 |   152 |    79 ||   261
       Punch             |       |     2 |     3 ||     5
Throw: Boomerang         |    18 |    43 |    74 ||   135
       Dart              |       |     2 |     7 ||     9
       Large rock        |       |       |     1 ||     1
  Use: Scroll            |       |     9 |     8 ||    17
 Stab: Sleeping          |       |     1 |       ||     1
Armor: Robe              |    13 |    60 |    25 ||    98
Dodge: Dodged            |    42 |    76 |    56 ||   174

Table legend: (Time is in decaauts)
 A = Elapsed time spent in this place.
 B = Non-inter-level travel time spent in this place.
 C = Inter-level travel time spent in this place.
 D = Time resting spent in this place.
 E = Time spent auto-exploring this place.
 F = Levels seen in this place.
 G = Mean time per level.
                   A        B        C        D        E       F      G
               +--------+--------+--------+--------+--------+-----+--------+
         Total |   7105 |   6889 |    216 |   1173 |   4609 |   7 | 1015.0 |
       Dungeon |   7105 |   6889 |    216 |   1173 |   4609 |   7 | 1015.0 |
               +--------+--------+--------+--------+--------+-----+--------+

Top non-repeatable levels by time:
     D:3: 1417 daAuts
     D:5: 1371 daAuts
     D:1: 1137 daAuts
     D:4: 1071 daAuts
     D:6: 1016 daAuts
     D:2: 982 daAuts
     D:7: 109 daAuts
